 Dungeon Crawl Stone Soup version 0.25.1-1-g288607f5aa (webtiles) character file.

Game seed: 4168883838114421023

29 Kold the Insei (level 3, -2/23 HPs)
             Began as an Octopode Transmuter on July 24, 2020.
             Slain by Terence
             ... wielding a +0 trident
              (8 damage)
             ... on level 2 of the Dungeon.
             The game lasted 00:01:35 (1067 turns).

Kold the Insei (Octopode Transmuter)                Turns: 1067, Time: 00:01:35

Health: -2/23      AC:  1    Str: 15    XL:     3   Next: 16%
Magic:  3/6        EV: 13    Int: 16    God:
Gold:   45         SH:  0    Dex: 12    Spells: 0/6 levels left

rFire    . . .     SeeInvis .     - Unarmed
rCold    . . .     Gourm    .   (no shield)
rNeg     . . .     Faith    .   (helmet restricted)
rPois    .         Spirit   .   (no amulet)
rElec    .         Reflect  .   e - +6 ring of strength
rCorr    .         Harm     .   (no ring)
MR       .....                  (no ring)
Stlth    +++.......             (no ring)
HPRegen  0.07/turn              (no ring)
MPRegen  0.10/turn              (no ring)
                                (no ring)
                                (no ring)

@: no status effects
A: almost no armour, stealthy swim, amphibious, 8 rings, constrict 8, camouflage
1, gelatinous body 1
a: no special abilities


You were on level 2 of the Dungeon.
You were not hungry.

You visited 1 branch of the dungeon, and saw 2 of its levels.

You collected 45 gold pieces.

Inventory:

Missiles
 a - 10 arrows
Jewellery
 e - a +6 ring of strength (left tentacle)
 i - an uncursed ring of fire
Scrolls
 h - a scroll of remove curse {unknown}
 j - 2 scrolls of teleportation {unknown}
Potions
 d - a potion of curing {unknown}
 f - 2 potions of stabbing {unknown}
 g - a potion of flight {unknown}
Comestibles
 b - 5 chunks of flesh
 c - 5 rations


   Skills:
 - Level 1.0 Fighting
 - Level 2.0 Dodging
 + Level 2.2 Stealth
 + Level 3.4 Unarmed Combat
 - Level 2.0 Spellcasting
 + Level 2.5 Transmutations


You couldn't memorise any spells.
You knew the following spells:

 Your Spells              Type           Power        Failure   Level  Hunger
a - Beastly Appendage     Tmut           #.....       7%          1    #......
b - Sticks to Snakes      Tmut           #.......     11%         2    ###....
c - Spider Form           Tmut/Pois      #.........   36%         3    ###....

Your spell library contained the following spells:

 Spells                   Type           Power        Failure   Level  Hunger
 Ice Form                 Ice/Tmut       #.......     77%         4    #####..
 Blade Hands              Tmut           #.........   89%         5    ######.


Dungeon Overview and Level Annotations

Branches:
Dungeon (2/15)

Altars:

Annotations:
D:2 1 runed translucent door, Crazy Yiuf, Terence


Innate Abilities, Weirdness & Mutations

You cannot wear most types of armour.
You are very stealthy in the water. (Stealth+)
You are amphibious.
You can wear up to eight rings at the same time.
You can use your tentacles to constrict eight enemies at once.
Your skin changes colour to match your surroundings (Stealth+).
Your rubbery body absorbs attacks. (AC +1, EV +1)


Message History

Your ball python bites Terence but does no damage.
Your ball python constricts Terence.
Terence hits your ball python with a +0 trident.
Your ball python dies!
Sorry, you're not good enough to have a special ability.
Casting: Sticks to Snakes (safe; 11% risk of failure)
Confirm with . or Enter, or press ? or * to list all spells.
You create a snake!
You now have 10 arrows.
Terence hits you with a +0 trident.
Your ball python bites Terence but does no damage.
Your ball python barely misses Terence.
You tentacle-slap Terence but do no damage.
Your grab misses Terence.
Terence is lightly wounded.
Terence hits you with a +0 trident!
* * * LOW HITPOINT WARNING * * *
Your ball python barely misses Terence.
Your ball python closely misses Terence.
Terence hits you from afar with a +0 trident!
You die...

#.....#####♣♣ ##
#........+..♣♣ ♣♣#..)
##...##......♣♣♣♣.+...
##.###.......♣..♣#...
#.# #..+...♣.♣♣♣ ##
#.# #####♣♣♣♣♣ ###.###
#.....# # #.###@# ...
#. #.#######..... #
#S@...)...#
#.....#######.#
#######


You could see Terence and a friendly ball python.

Vanquished Creatures
  A dart slug (D:1)
  2 leopard geckos
  5 hobgoblins
  5 bats (D:1)
  2 frilled lizards (D:1)
  4 goblins (D:1)
  4 kobolds (D:1)
23 creatures vanquished.

Notes
Turn   | Place    | Note
-------+----------+-------------------------------------------
     0 | D:1      | Kold the Octopode Transmuter began the quest for the Orb.
     0 | D:1      | Reached XP level 1. HP: 13/13 MP: 3/3
   162 | D:1      | Reached skill level 1 in Stealth
   289 | D:1      | Reached XP level 2. HP: 18/18 MP: 5/5
   735 | D:1      | Reached XP level 3. HP: 23/23 MP: 4/6
   848 | D:1      | Learned a level 2 spell: Sticks to Snakes
   852 | D:1      | Learned a level 3 spell: Spider Form
  1021 | D:2      | Found a runed translucent door.
  1022 | D:2      | Noticed Crazy Yiuf
  1045 | D:2      | Noticed Terence
  1067 | D:2      | Slain by Terence

Illustrated notes

Levels and vault maps discovered:
D:1:      mrwooster_arrival_statue_3, layout_basic, serial_glass,
          glass_columns_a, glass_columns_a
D:2:      layout_loops_corners, brannock_xom_greatest_gift, serial_glass,
          glass_columns_c, glass_columns_b, glass_columns_c, glass_columns_b,
          glass_columns_a, nrook_campfire, serial_park_tiny_2,
          fedhas_ov_isle_minmay, uniq_terence, uniq_crazy_yiuf_cottage

Skill      XL: |  1  2 |
---------------+-------+-----
Stealth        | 1 2 |  2.2
Fighting       | |  1.0
Dodging        | |  2.0
Unarmed Combat | |  3.4
Spellcasting   | |  2.0
Transmutations | |  2.5

Action                   || total
-------------------------++-------
Melee: Unarmed           ||    42
       Constrict         ||     9
       Tentacles         ||     3
       Punch             ||     1
       Kick              ||     1
 Cast: Beastly Appendage ||     9
       Sticks to Snakes  ||     2
 Stab: Sleeping          ||    11
  Eat: Chunk             ||     1
Armor: Skin              ||     9
Dodge: Dodged            ||    23
